 Dungeon Crawl Stone Soup version 0.22.1-1-ga44c0e56f4 (webtiles) character file.

6509 Gargoyl the Cleaver (level 10, -10/129 HPs)
             Began as a Centaur Abyssal Knight on Nov 8, 2018.
             Was a High Priest of Lugonu.
             Mangled by an orc warrior
             ... wielding a +0 glaive
              (15 damage)
             ... in a bailey.
             The game lasted 00:16:21 (8849 turns).

Gargoyl the Cleaver (Centaur Abyssal Knight)        Turns: 8849, Time: 00:16:21

Health: -10/129    AC: 14    Str: 21      XL:     10   Next: 69%
Magic:  14/15      EV:  8    Int: 11      God:    Lugonu [*****.]
Gold:   751        SH:  0    Dex:  9 (11) Spells: 9/9 levels left

rFire    . . .     SeeInvis +   b - +4 broad axe (vamp)
rCold    . . .     Gourm    .   (no shield)
rNeg     . . .     Faith    .   r - +1 scale mail {rPois}
rPois    +         Spirit   .   w - +2 helmet {SInv}
rElec    .         Reflect  .   p - +2 cloak
rCorr    .         Harm     .   (no gloves)
MR       .....                  (no barding)
Stlth    ..........             A - amulet of regeneration
HPRegen  0.71/turn              k - ring of flight
MPRegen  0.14/turn              (no ring)

@: berserking, drained, very quick
A: large, hooves 3, deformed body, speed 2, tough skin 3
a: Depart the Abyss, Bend Space, Banish, Corrupt, Enter the Abyss, Renounce
Religion, Evoke Flight


You were in a bailey.
You worshipped Lugonu.
Lugonu was extremely pleased with you.
You were not hungry.

You visited 1 branch of the dungeon, and saw 9 of its levels.
You visited the Abyss 1 time.
You also visited: Ossuary and Bailey.

You collected 751 gold pieces.

Inventory:

Hand Weapons
 a - a +3 hand axe
 b - a +4 vampiric broad axe (weapon)
 u - a +1 war axe of flaming
Missiles
 x - 6 javelins (quivered)
Armour
 p - a +2 cloak (worn)
 r - a +1 scale mail of poison resistance (worn)
 w - a +2 helmet of see invisible (worn)
Jewellery
 k - a ring of flight (left hand)
 A - an amulet of regeneration (around neck)
Wands
 q - a wand of random effects (30)
 y - a wand of digging (16)
 D - a wand of acid (6)
Scrolls
 e - 4 scrolls of identify
 j - 8 scrolls of teleportation
 n - 3 scrolls of remove curse
 s - a scroll of fear
 v - a scroll of fog
Potions
 d - 2 potions of flight
 f - 5 potions of lignification
 g - 2 potions of ambrosia
 h - 4 potions of curing
 i - 2 potions of magic
 l - 4 potions of brilliance
 t - 3 potions of resistance {unknown}
 z - a potion of might
 B - 3 potions of agility {unknown}
Comestibles
 c - 18 rations


   Skills:
 + Level 7.4(6.7) Fighting
 + Level 9.4(8.7) Axes
 * Level 6.1(5.4) Armour
 + Level 3.1(2.5) Dodging
 * Level 7.5(6.8) Invocations
 + Level 0.2(0.0) Evocations


You had 9 spell levels left.
You didn't know any spells.
Your spell library contained the following spells:

 Spells                   Type           Power        Failure   Level  Hunger
 Animate Skeleton         Necr           N/A          65%         1    ##.....
 Apportation              Tloc           #.....       65%         1    ##.....
 Confusing Touch          Hex            #.....       65%         1    ##.....
 Corona                   Hex            #......      65%         1    ##.....
 Summon Small Mammal      Summ           #...         65%         1    ##.....
 Ensorcelled Hibernation  Hex/Ice        #.....       80%         2    ###....
 Confuse                  Hex            #.......     95%         3    ####...
 Dazzling Spray           Conj/Hex       #.....       95%         3    ####...
 Tukima's Dance           Hex            #.......     95%         3    ####...
 Leda's Liquefaction      Hex/Erth       #.........   100%        4    #####..
 Bolt of Magma            Conj/Fire/Erth #.........   100%        5    ######.
 Iron Shot                Conj/Erth      #.........   100%        6    #######
 Statue Form              Tmut/Erth      #........    100%        6    #######
 Shatter                  Erth           #.........   100%        9    #######


Dungeon Overview and Level Annotations

Branches:
Dungeon (9/15)             Temple (0/1) D:6
   Lair: D:8-11         Orc: D:9-12

Altars:
Ashenzari
Cheibriados
Elyvilon
Hepliaklqana
Makhleb
Okawaru
Qazlal
Trog
Yredelemnul


Innate Abilities, Weirdness & Mutations

You have hooves in place of feet.
Armour fits poorly on your strangely shaped body.
You cover ground very quickly.
You have extremely tough skin. (AC +3)


Message History

You closely miss the orc warrior. The orc hits you but does no damage.
The orc warrior hits you but does no damage.
The orc hits you but does no damage.
That item cannot be evoked!
Unknown command.
Okay, then.
Space bends around you!
You blink.
It was a potion of berserk rage.
A red film seems to cover your vision as you go berserk!
You feel yourself moving faster!
You feel mighty!
You are too berserk!
What are your orders? t - Shout!
Anything else - Cancel.
Okay, then.
You feel a strong urge to attack something.
The orc warrior hits you from afar with a glaive!!
* * * LOW HITPOINT WARNING * * *
There is an open door here.
The orc warrior hits you with a glaive!
You die...

############ ######
##.∩........## ##.....##
#............######.......#
#.......)....#.o..#)......+
#∩.....)))...'@.)o§o......+
#.....).)....#.o.)#)......+
#.....)))....######.......#
##.∩........## ##.....##
############ ######


You could see 2 orc warriors and 2 orcs.

Vanquished Creatures
  A two-headed ogre (D:7)
  Pikel (D:4)
  Joseph (D:7)
  2 kobold demonologists (D:8)
  2 trolls
  Duvessa (D:5)
  3 ice beasts
  4 orc warriors
  2 sky beasts
  3 slaves (D:4)
  A black bear (D:6)
  A phantom (D:4)
  4 ogres
  2 centaurs
  Blork the orc (D:4)
  4 bullfrogs
  Dowan (D:5)
  2 water moccasin zombies
  A small abomination (Abyss:2)
  4 killer bees (D:8)
  3 wights (D:9)
  4 howler monkeys
  A crimson imp (D:7)
  A centaur zombie (D:6)
  A quasit (D:9)
  2 jellies
  2 bullfrog zombies
  6 hounds
  7 orc priests
  4 orc wizards
  Ijyb (D:4)
  A centaur skeleton (D:9)
  2 bullfrog skeletons
  Terence (D:3)
  2 iguanas (D:5)
  7 worker ants
  3 big kobold zombies (Ossuary)
  A hound zombie (D:5)
  2 howler monkey zombies
  2 mummies (Ossuary)
  9 adders
  4 shadow imps (D:8)
  3 adder zombies (Ossuary)
  2 adder skeletons
  3 worms
  2 dart slugs
  6 leopard geckos
  54 orcs
  8 bats
  5 giant cockroaches
  3 gnoll zombies (Ossuary)
  10 goblins
  12 hobgoblins
  14 jackals
  6 kobolds
  A quokka (D:7)
  5 frilled lizards
  3 hobgoblin zombies (Ossuary)
  A jackal zombie (D:6)
  5 kobold zombies (Ossuary)
  2 leopard gecko zombies
  4 orc zombies (Ossuary)
  4 quokka skeletons
  A quokka zombie (D:6)
  9 rats
270 creatures vanquished.

Notes
Turn   | Place    | Note
-------+----------+-------------------------------------------
     0 | Abyss:1  | Gargoyl the Centaur Abyssal Knight began the quest for the
                  | Orb.
     0 | Abyss:1  | Reached XP level 1. HP: 19/19 MP: 2/2
    89 | Abyss:2  | Found a corrupted altar of Lugonu.
   146 | Abyss:2  | Noticed a small abomination
   151 | Abyss:2  | Killed a small abomination
   151 | Abyss:2  | Reached skill level 2 in Axes
   151 | Abyss:2  | Reached XP level 2. HP: 23/27 MP: 3/3
   151 | Abyss:2  | Reached XP level 3. HP: 28/33 MP: 4/4
   164 | Abyss:2  | Noticed a raiju
   173 | Abyss:3  | Noticed a small abomination
   173 | Abyss:3  | Noticed a large abomination
   173 | Abyss:3  | Noticed a large abomination
   173 | Abyss:3  | Noticed a shining eye
   173 | Abyss:3  | Noticed a large abomination
   173 | Abyss:3  | Noticed a cacodemon
   173 | Abyss:3  | Noticed a flying skull
   173 | Abyss:3  | Noticed a glowing orange brain
   173 | Abyss:3  | Noticed a small abomination
   173 | Abyss:3  | Noticed a large abomination
   173 | Abyss:3  | Noticed an eye of draining
   173 | Abyss:3  | Noticed a large abomination
   173 | Abyss:3  | Noticed a large abomination
   174 | D:1      | Escaped the Abyss
   262 | D:1      | Reached * piety under Lugonu
   552 | D:1      | Reached XP level 4. HP: 40/40 MP: 5/5
  1011 | D:2      | Noticed a moth of wrath
  1014 | D:2      | Found a bloodstained altar of Trog.
  1409 | D:2      | Reached skill level 1 in Dodging
  1642 | D:2      | Reached ** piety under Lugonu
  1682 | D:2      | Found a basalt altar of Yredelemnul.
  1825 | D:2      | Found a stormy altar of Qazlal.
  2341 | D:3      | Reached XP level 5. HP: 40/47 MP: 7/7
  2777 | D:3      | Noticed Terence
  2784 | D:3      | Killed Terence
  2824 | D:3      | Reached skill level 3 in Axes
  2860 | D:3      | Found a faded altar of an unknown god.
  3431 | D:4      | Noticed a slave
  3452 | D:4      | Killed a slave
  3472 | D:4      | Noticed a slave
  3472 | D:4      | Noticed a slave
  3476 | D:4      | Noticed a slave
  3481 | D:4      | Noticed Pikel
  3488 | D:4      | Killed a slave
  3640 | D:4      | Killed a slave
  3667 | D:4      | Found a hazy altar of Hepliaklqana.
  3668 | D:4      | Noticed Blork the orc
  3674 | D:4      | Killed Blork the orc
  3674 | D:4      | Reached XP level 6. HP: 53/53 MP: 8/8
  3738 | D:4      | Killed Pikel
  3738 | D:4      | Reached skill level 5 in Fighting
  3738 | D:4      | Reached skill level 4 in Axes
  3738 | D:4      | Reached XP level 7. HP: 10/61 MP: 8/10
  4002 | D:4      | Reached skill level 5 in Axes
  4096 | D:4      | Noticed Ijyb
  4111 | D:4      | Reached XP level 8. HP: 52/68 MP: 11/11
  4112 | D:4      | Killed Ijyb
  4372 | D:5      | Entered Level 5 of the Dungeon
  4379 | D:5      | Reached *** piety under Lugonu
  4546 | D:5      | Noticed Duvessa
  4548 | D:5      | Noticed Dowan
  4555 | D:5      | Killed Duvessa
  4561 | D:5      | Killed Dowan
  4561 | D:5      | Reached skill level 5 in Invocations
  4798 | D:5      | Reached skill level 6 in Axes
  5204 | D:6      | Found a shattered altar of Ashenzari.
  5233 | D:6      | Reached XP level 9. HP: 73/75 MP: 13/13
  5444 | D:6      | Reached skill level 7 in Axes
  5447 | D:6      | Reached **** piety under Lugonu
  5824 | D:6      | Found a staircase to the Ecumenical Temple.
  6248 | D:7      | Found a burning altar of Makhleb.
  6364 | D:7      | Noticed a two-headed ogre
  6374 | D:7      | Killed a two-headed ogre
  6374 | D:7      | Reached skill level 8 in Axes
  6374 | D:7      | Reached skill level 5 in Armour
  6573 | D:7      | Noticed Joseph
  6602 | D:7      | Killed Joseph
  6690 | D:7      | Found a snail-covered altar of Cheibriados.
  6754 | D:7      | Found a sand-covered staircase.
  6776 | Ossuary  | Entered an ossuary
  6875 | Ossuary  | Reached XP level 10. HP: 82/84 MP: 15/15
  6920 | Ossuary  | Reached ***** piety under Lugonu
  6997 | D:7      | Identified a scroll of acquirement
  7659 | D:8      | Found a transporter.
  8145 | D:8      | Found a white marble altar of Elyvilon.
  8197 | D:8      | Found a transporter.
  8380 | D:8      | Reached skill level 9 in Axes
  8385 | D:8      | Noticed a rust devil
  8502 | D:9      | Found an iron altar of Okawaru.
  8758 | D:9      | Found a flagged portal.
  8774 | Bailey   | Entered a bailey
  8848 | Bailey   | HP: 5/129 [orc warrior/glaive (18)]
  8849 | Bailey   | Mangled by an orc warrior

Skill      XL: |  1  2  3  4  5  6  7  8  9 10 |
---------------+-------------------------------+-----
Fighting       | 4 5 6 7 |  7.4
Axes           | 2 3 4 5 6 8 9 |  9.4
Armour         | 2 3 4 5 6 |  6.1
Dodging        | 1 2 3 |  3.1
Invocations    | 3 4 5 6 7 |  7.5
Evocations     | |  0.2

Action                   |  1- 3 |  4- 6 |  7- 9 | 10-12 || total
-------------------------+-------+-------+-------+-------++-------
Melee: Hand axe          |    26 |   116 |       |       ||   142
       Kick              |     7 |    41 |    76 |    52 ||   176
       Broad axe         |       |    82 |   320 |   183 ||   585
       War axe           |       |       |    14 |    20 ||    34
Invok: Depart the Abyss  |     1 |       |       |       ||     1
       Bend Space        |       |       |       |     2 ||     2
Evoke: Wand              |       |       |     1 |     4 ||     5
  Use: Potion            |     1 |     1 |       |     2 ||     4
       Scroll            |     1 |    12 |     4 |     6 ||    23
  Eat: Chunk             |       |     4 |     6 |     3 ||    13
       Ration            |       |     2 |     1 |     2 ||     5
Armor: Leather armour    |    24 |    42 |       |       ||    66
       Troll leather arm |       |    68 |    16 |       ||    84
       Skin              |       |     2 |       |       ||     2
       Scale mail        |       |       |   179 |   171 ||   350
Dodge: Dodged            |    17 |   131 |   173 |   132 ||   453
